 Dungeon Crawl Stone Soup version 0.30.1-4-g462c640d31 (webtiles) character file.

Game seed: 18192138772593650655

1687 boopmooplesden the Chopper (level 9, 0/68 HPs)
             Began as a Formicid Fighter on Aug 13, 2023.
             Was a Believer of Wu Jian.
             Slain by a wight
             ... wielding a +4 dire flail
              (14 damage)
             ... on level 7 of the Dungeon.
             The game lasted 00:08:02 (6089 turns).

boopmooplesden the Chopper (Formicid Fighter)       Turns: 6089, Time: 00:08:03

Health: 0/68       AC: 13    Str: 23    XL:     9   Next: 22%
Magic:  9/9        EV: 12    Int:  8    God:    Wu Jian [**....]
Gold:   141        SH:  5    Dex: 15    Spells: 8/8 levels left

rFire   . . .        p - +2 broad axe (elec)
rCold   . . .        c - +0 buckler
rNeg    . . .        x - +0 plate armour
rPois   .            (helmet unavailable)
rElec   .            (no cloak)
rCorr   .            (no gloves)
SInv    +            s - +0 pair of boots {Stlth+}
Will    .....        (no amulet) Stlth
                     g - +5 ring of evasion
HPRegen 0.31/turn    (no ring)
MPRegen 0.11/turn

%: no passive effects
@: no status effects
A: permanent stasis, dig shafts and tunnels, antennae 3, four strong arms
a: Dig, Shaft Self, Renounce Religion, Wall Jump


You were on level 7 of the Dungeon.
You worshipped Wu Jian.
Wu Jian was pleased with you.
You visited 1 branch of the dungeon, and saw 7 of its levels.

You collected 343 gold pieces.
You spent 202 gold pieces at shops.

Inventory:

Hand Weapons
 a - a +0 trident
 p - a +2 broad axe of electrocution (weapon)
 r - a +3 trident of freezing
Missiles
 n - 5 boomerangs
Armour
 b - a +0 scale mail
 c - a +0 buckler (worn)
 s - a +0 pair of boots of stealth (worn)
 t - the +0 leather armour of Hoses {Str+6}
   (You found it on level 6 of the Dungeon)

   Str:       It affects your strength (+6).
 x - a +0 plate armour (worn)
Jewellery
 g - a +5 ring of evasion (left hand)
 i - a ring of magical power
 l - a ring of willpower
 o - a ring of magical power
Scrolls
 e - a scroll of identify
 u - a scroll of torment
Potions
 d - a potion of might
 f - 3 potions of curing
 h - 6 potions of brilliance
 j - 2 potions of heal wounds
 k - a potion of mutation {unknown}
 m - 2 potions of haste {unknown}
 q - 2 potions of attraction {unknown}
 v - 2 potions of resistance {unknown}
 w - a potion of degeneration {unknown}


   Skills:
 + Level 5.6 Fighting
 + Level 7.5(7.9) Axes
 + Level 3.4(5.9) Polearms
 + Level 5.9 Armour
 + Level 2.2 Dodging
 + Level 1.8 Stealth
 + Level 5.5 Shields


You had 8 spell levels left.
You didn't know any spells.
Your spell library contained the following spells:

 Spells                   Type           Power      Damage    Failure   Level
 Apportation              Tloc           0%         N/A       100%        1
 Beastly Appendage        Tmut           0%         N/A       100%        1
 Necrotise                Necr           0%         1d4       100%        1
 Summon Small Mammal      Summ           0%         N/A       100%        1
 Cigotuvi's Dreadful Rot  Necr/Pois/Air  0%         N/A       100%        2
 Wereblood                Tmut           0%         N/A       100%        2
 Ignite Poison            Fire/Tmut/Pois 0%         N/A       100%        3
 Spider Form              Tmut/Pois      0%         N/A       100%        3
 Freezing Cloud           Conj/Ice/Air   0%         6-21      100%        5


Dungeon Overview and Level Annotations

Branches:
Dungeon (7/15)             Temple (0/1) D:5

Altars:
Dithmenos
Elyvilon
Fedhas
Hepliaklqana
Kikubaaqudgha
Makhleb
Nemelex Xobeh
Qazlal
Trog
Vehumet
Wu Jian
Yredelemnul
Zin

Shops:
D:4 [


Innate Abilities, Weirdness & Mutations

You cannot be hasted, slowed, berserked, paralysed or teleported.
You can dig through walls and to a lower floor.
You have a pair of large antennae on your head. (SInv)
Your four strong arms can wield two-handed weapons with a shield.


Message History

You hear the faint creaking of a portcullis nearby.
The bullfrog hits you but does no damage.
The bullfrog misses you.
You spin and attack the bullfrog.
You hit the bullfrog.
The bullfrog is moderately wounded.
The bullfrog hits you but does no damage.
The bullfrog closely misses you.
You miss the bullfrog.
The bullfrog is moderately wounded.
The bullfrog hits you. The bullfrog barely misses you.
You barely miss the bullfrog.
The bullfrog is moderately wounded.
You hit the wight.
The bullfrog hits you but does no damage.
The wight barely misses you. The bullfrog hits you.
You slash the wight!
You destroy the wight!
The Council accepts your kill.
You slash the bullfrog!
The bullfrog hits you but does no damage.
The bullfrog barely misses you.
You spin to attack the bullfrog, but your attack speed is too slow for a blow to land.
The wight completely misses you.
The bullfrog hits you but does no damage.
Things that are here:
a +3 scimitar; a +0 robe You spin and attack the wight.
You closely miss the wight. The wight hits you but does no damage.
The bullfrog hits you but does no damage.
You hit the wight but do no damage. You hit the bullfrog.
The bullfrog hits you but does no damage.
The wight hits you with a +4 dire flail!
* * * LOW HITPOINT WARNING * * *
You slash the wight!
The wight is almost destroyed.
You hit the bullfrog.
You kill the bullfrog!
The Council accepts your kill.
The wight hits you with a +4 dire flail!
You die...

. ### #### .# ##..
..##. ..... ....
.....####..#
........#..#.#
.............#
........)##..#
.......@z## ..#
......##..# ...
......#....## ....
.............# $....
........###..#......
.#.. [...##
#......... ....
#...####.<.#.....
#..#
#.....{..####....
#..###....{..........


You could see a wight.

Vanquished Creatures
  A wyvern (D:7)
  A steam dragon (D:6)
  A water moccasin (D:4)
  A sky beast (D:6)
  2 ice beasts (D:6)
  A centaur (D:4)
  A phantom (D:6)
  3 kobold brigands
  A scorpion (D:6)
  A bullfrog (D:7)
  A wight (D:7)
  A howler monkey (D:5)
  A jelly (D:4)
  2 hounds (D:4)
  Natasha (twice) (D:3)
  2 orc wizards (D:3)
  7 gnolls
  11 adders
  4 ufetubi
  5 worms
  A dart slug (D:1)
  20 orcs
  9 endoplasms
  5 giant cockroaches
  5 goblins
  6 hobgoblins
  15 jackals
  20 kobolds
  3 quokkas
  15 ball pythons
  10 bats
  2 frilled lizards (D:1)
  8 rats
168 creatures vanquished.

Notes
Turn   | Place    | Note
-------+----------+-------------------------------------------
     0 | D:1      | boopmooplesden the Formicid Fighter began the quest for the
                  | Orb.
     0 | D:1      | Reached XP level 1. HP: 18/18 MP: 1/1
   101 | D:1      | Reached XP level 2. HP: 20/24 MP: 2/2
   205 | D:1      | Reached XP level 3. HP: 29/29 MP: 3/3
   673 | D:1      | Reached XP level 4. HP: 24/37 MP: 4/4
  1133 | D:2      | Reached XP level 5. HP: 42/42 MP: 5/5
  1730 | D:3      | Reached skill level 1 in Axes
  2012 | D:3      | Reached XP level 6. HP: 46/48 MP: 6/6
  2013 | D:3      | Reached skill level 1 in Dodging
  2423 | D:3      | Noticed Natasha
  2433 | D:3      | Killed Natasha
  2546 | D:3      | Noticed Natasha
  2554 | D:3      | Killed Natasha
  2747 | D:4      | Reached skill level 2 in Axes
  2763 | D:4      | Found an ornate altar of the Wu Jian Council.
  2894 | D:4      | Became a worshipper of the Wu Jian Council
  2961 | D:4      | Noticed a water moccasin
  2968 | D:4      | Killed a water moccasin
  2969 | D:4      | Reached skill level 3 in Axes
  2969 | D:4      | Reached skill level 5 in Armour
  2969 | D:4      | Reached XP level 7. HP: 36/54 MP: 7/7
  3172 | D:4      | Noticed a moth of wrath
  3175 | D:4      | Found a bloodstained altar of Trog.
  3233 | D:4      | Found Hoehizargh's Antique Armour Shop.
  3278 | D:4      | Bought a pair of embroidered boots for 202 gold pieces
  3312 | D:4      | Reached * piety under Wu Jian
  3452 | D:4      | Found a hazy altar of Hepliaklqana.
  3643 | D:4      | Reached skill level 4 in Axes
  3948 | D:5      | Entered Level 5 of the Dungeon
  4161 | D:5      | Reached skill level 1 in Stealth
  4174 | D:5      | Found a blossoming altar of Fedhas.
  4290 | D:5      | Found a shadowy altar of Dithmenos.
  4435 | D:5      | Reached XP level 8. HP: 61/61 MP: 8/8
  4502 | D:5      | Found a staircase to the Ecumenical Temple.
  4738 | D:6      | Reached skill level 5 in Shields
  4801 | D:6      | Identified the +0 leather armour of Hoses {Str+6}
  4807 | D:6      | Reached skill level 5 in Axes
  4807 | D:6      | Found a sparkling altar of Nemelex Xobeh.
  4880 | D:6      | Reached skill level 5 in Fighting
  4882 | D:6      | Reached skill level 6 in Axes
  5019 | D:6      | Found a stormy altar of Qazlal.
  5021 | D:6      | Found an ancient bone altar of Kikubaaqudgha.
  5025 | D:6      | Found a burning altar of Makhleb.
  5026 | D:6      | Found a white marble altar of Elyvilon.
  5027 | D:6      | Found a radiant altar of Vehumet.
  5030 | D:6      | Found a basalt altar of Yredelemnul.
  5103 | D:6      | Reached ** piety under Wu Jian
  5105 | D:6      | Found a glowing silver altar of Zin.
  5143 | D:6      | Reached XP level 9. HP: 27/68 MP: 9/9
  6044 | D:7      | Reached skill level 7 in Axes
  6089 | D:7      | Slain by a wight

Illustrated notes

Levels and vault maps discovered:
D:1:      dpeg_arrival_simpleton_b, layout_basic
D:2:      layout_loops_ring
D:3:      layout_basic, serial_glass, glass_columns_c, glass_columns_c,
          minmay_strange_pillars, item_on_display_b, due_unseen_surprise,
          kennysheep_minor_cross, serial_bayou_lake_a, uniq_natasha
D:4:      layout_loops_ring, tgw_trog, lemuel_coloured_pillars_altar,
          nzn_wu_jian_council_hall, serial_shops, shop, minmay_snake_closets
D:5:      lemuel_ice_spiral_2, layout_basic, fedhas_ov_isle_minmay,
          grunt_dithmenos_smoke, temple_doors_cd, kennysheep_boxes
D:6:      layout_basic, mainiacjoe_overflow_tiny_flanked, minitemple,
          overflow_temple_1_default
D:7:      layout_cave_pools, tso_oasis_becter, enter_bailey_6, serial_demonic,
          serial_demonic_d, serial_demonic_a, serial_demonic_c, serial_demonic_b

Skill      XL: |  1  2  3  4  5  6  7  8  9 |
---------------+----------------------------+-----
Polearms       | 3 |  3.4
Armour         | 4 5 |  5.9
Fighting       | 4 5 |  5.6
Axes           | 1 3 4 6 7 |  7.5
Dodging        | 1 2 |  2.2
Stealth        | 1 |  1.8
Shields        | 5 |  5.5

Action                     |  1- 3 |  4- 6 |  7- 9 || total
---------------------------+-------+-------+-------++-------
  Melee: Trident           |    87 |    39 |       ||   126
         Broad axe         |       |   106 |   181 ||   287
Ability: Lunge             |       |       |    14 ||    14
         Whirlwind         |       |       |    14 ||    14
    Use: Scroll            |     3 |     5 |     5 ||    13
   Stab: Sleeping          |       |       |     2 ||     2
 Armour: Scale mail        |    58 |    56 |    45 ||   159
         Plate armour      |       |       |    13 ||    13
  Dodge: Dodged            |    54 |   115 |   137 ||   306
  Block: Buckler           |    30 |    42 |    59 ||   131
